| TOP OF THE 1ST |
|
Fort Wayne TinCaps batting - Pitching for Augusta GreenJackets : RHP Jim Sprayberry
|
|
Pitching: RHP Jim Sprayberry
|
|
|
Batting: SHB Yutaro Takahashi
|
0-0: Called Strike 0-1: Swinging Strike 0-2: Ball 1-2: Foul Ball, location: 2F 1-2: Ball 2-2: Hit by Pitch
|
|
Batting: RHB Danny Loyola
|
Pickoff Throw to First - Error! E1 Yutaro Takahashi to second 0-0: Called Strike Yutaro Takahashi steals 3rd base 0-1: Fly out, F4 (Popup, 3S, EV 85.6 MPH)
|
|
Batting: RHB Jaden Scott
|
0-0: Ball 1-0: Called Strike 1-1: Foul Ball, location: 2F 1-2: Ground out 6-3 (Groundball, 6, EV 102.5 MPH) Yutaro Takahashi scores
|
|
Batting: RHB Davey Verhoog
|
0-0: Ground out 3-1 (Groundball, 34, EV 105.0 MPH)
|
| Top of the 1st over - 1 run, 0 hits, 1 error, 0 left on base; Fort Wayne 1 - Augusta 0 |
| BOTTOM OF THE 1ST |
|
Augusta GreenJackets batting - Pitching for Fort Wayne TinCaps : RHP Mike Kirk
|
|
Pitching: RHP Mike Kirk
|
|
|
Batting: LHB Josh Straub
|
0-0: Called Strike 0-1: Ball 1-1: Ball 2-1: Ground out 6-3 (Groundball, 6, EV 88.8 MPH)
|
|
Batting: LHB Gil Caraveo
|
0-0: Ball 1-0: Ball 2-0: Called Strike 2-1: Ball 3-1: SINGLE (Groundball, 25, EV 65.6 MPH) (infield hit)
|
|
Batting: RHB Dave Crouch
|
0-0: Ball Gil Caraveo steals 2nd base 1-0: Foul Ball, location: 2F 1-1: Ball 2-1: Called Strike Gil Caraveo steals 3rd base 2-2: Foul Ball, location: 2F 2-2: Ball 3-2: Foul Ball, location: 2F 3-2: Base on Balls
|
|
Batting: LHB Al Hernandez
|
0-0: Ball 1-0: Ball Wild Pitch! Gil Caraveo scores Dave Crouch to second 2-0: Ball 3-0: SINGLE (Line Drive, 6MD, EV 100.0 MPH) Dave Crouch to third Runner from 3rd tries for Home, SAFE, throw by CF to home
|
|
Batting: RHB Matt Fenimore
|
0-0: Called Strike 0-1: Grounds into double play, 6-4-3 (Groundball, 6, EV 99.4 MPH)
|
| Bottom of the 1st over - 2 runs, 2 hits, 0 errors, 0 left on base; Fort Wayne 1 - Augusta 2 |
| TOP OF THE 2ND |
|
Fort Wayne TinCaps batting - Pitching for Augusta GreenJackets : RHP Jim Sprayberry
|
|
Batting: RHB Joe Weissman
|
0-0: Called Strike 0-1: Ball 1-1: Foul Ball, location: 2F 1-2: Strikes out looking
|
|
Batting: LHB Ramon Vega
|
0-0: Called Strike 0-1: Called Strike 0-2: Ball 1-2: Strikes out swinging
|
|
Batting: LHB Jeremy DiGenova
|
0-0: SINGLE (Groundball, 6D, EV 108.8 MPH)
|
|
Batting: RHB Alex Vasquez
|
0-0: Called Strike 0-1: Ball 1-1: Called Strike 1-2: Ball 2-2: Foul Ball, location: 2F 2-2: Ball 3-2: Base on Balls Jeremy DiGenova to second
|
|
Batting: RHB David Reyna
|
0-0: Ball 1-0: Called Strike 1-1: Swinging Strike 1-2: Strikes out swinging
|
| Top of the 2nd over - 0 runs, 1 hit, 0 errors, 2 left on base; Fort Wayne 1 - Augusta 2 |
| BOTTOM OF THE 2ND |
|
Augusta GreenJackets batting - Pitching for Fort Wayne TinCaps : RHP Mike Kirk
|
|
Batting: LHB Gabe Velez
|
0-0: Called Strike 0-1: Swinging Strike 0-2: Ball 1-2: Ball 2-2: Foul Ball, location: 2F 2-2: Ball 3-2: Foul Ball, location: 2F 3-2: Fly out, F7 (Flyball, 7, EV 85.0 MPH)
|
|
Batting: LHB James Wheaton
|
0-0: Ball 1-0: Ball 2-0: Called Strike 2-1: SINGLE (Flyball, 56D, EV 93.8 MPH)
|
|
Batting: RHB Josh Lippens
|
0-0: Called Strike 0-1: Grounds into double play, 6-4-3 (Groundball, 6, EV 84.4 MPH)
|
| Bottom of the 2nd over - 0 runs, 1 hit, 0 errors, 0 left on base; Fort Wayne 1 - Augusta 2 |
| TOP OF THE 3RD |
|
Fort Wayne TinCaps batting - Pitching for Augusta GreenJackets : RHP Jim Sprayberry
|
|
Batting: SHB Yutaro Takahashi
|
0-0: Ball 1-0: Ball 2-0: Ball 3-0: Base on Balls
|
|
Batting: RHB Danny Loyola
|
0-0: Ball 1-0: Foul Ball, location: 2F 1-1: Ball Yutaro Takahashi steals 2nd base 2-1: DOUBLE (Line Drive, 78D, EV 112.5 MPH) Yutaro Takahashi scores
|
|
Batting: RHB Jaden Scott
|
0-0: Ball 1-0: Ball 2-0: Ball 3-0: Called Strike 3-1: Foul Ball, location: 2F 3-2: SINGLE (Line Drive, 78S, EV 100.0 MPH) Danny Loyola to third
|
|
Batting: RHB Davey Verhoog
|
0-0: Ball 1-0: Called Strike Jaden Scott steals 2nd base 1-1: Called Strike 1-2: Strikes out looking
|
|
Batting: RHB Joe Weissman
|
0-0: Swinging Strike 0-1: Ball 1-1: Reached on error, E8 (Flyball, 78M, EV 86.9 MPH) Danny Loyola scores Jaden Scott to third
|
|
Batting: LHB Ramon Vega
|
0-0: Foul Ball, location: 2F 0-1: Ball 1-1: Swinging Strike 1-2: Ball 2-2: Foul Ball, location: 2F 2-2: Strikes out looking
|
|
Batting: LHB Jeremy DiGenova
|
0-0: Called Strike 0-1: Ball 1-1: Fielders Choice at 2nd, U6 (Groundball, 6M, EV 89.4 MPH)
|
| Top of the 3rd over - 2 runs, 2 hits, 1 error, 2 left on base; Fort Wayne 3 - Augusta 2 |
| BOTTOM OF THE 3RD |
|
Augusta GreenJackets batting - Pitching for Fort Wayne TinCaps : RHP Mike Kirk
|
|
Batting: RHB Devin Lowery
|
0-0: Called Strike 0-1: Ground out U3 (Groundball, 3, EV 91.2 MPH)
|
|
Batting: LHB Josh Straub
|
0-0: Ball 1-0: Foul Ball, location: 2F 1-1: Called Strike 1-2: SOLO HOME RUN (Flyball, 9D, EV 95.6 MPH), Distance : 375 ft
|
|
Batting: LHB Gil Caraveo
|
0-0: Foul Ball, location: 2F 0-1: Called Strike 0-2: DOUBLE (Line Drive, 78D, EV 111.9 MPH)
|
|
Batting: RHB Dave Crouch
|
0-0: Called Strike 0-1: Ball 1-1: Foul Ball, location: 2F 1-2: Strikes out swinging
|
|
Batting: LHB Al Hernandez
|
0-0: Called Strike 0-1: Ball 1-1: Fly out, F9 (Flyball, 89S, EV 90.6 MPH)
|
| Bottom of the 3rd over - 1 run, 2 hits, 0 errors, 1 left on base; Fort Wayne 3 - Augusta 3 |
| TOP OF THE 4TH |
|
Fort Wayne TinCaps batting - Pitching for Augusta GreenJackets : RHP Jim Sprayberry
|
|
Batting: RHB Alex Vasquez
|
0-0: Called Strike 0-1: Ball 1-1: Ball 2-1: Ground out 6-3 (Groundball, 6, EV 80.6 MPH)
|
|
Batting: RHB David Reyna
|
0-0: Ball 1-0: Called Strike 1-1: Called Strike 1-2: Ball 2-2: Strikes out swinging
|
|
Batting: SHB Yutaro Takahashi
|
0-0: DOUBLE (Line Drive, 78D, EV 113.1 MPH)
|
|
Batting: RHB Danny Loyola
|
0-0: Called Strike 0-1: Swinging Strike 0-2: Ball 1-2: Foul Ball, location: 2F 1-2: 2-RUN HOME RUN (Flyball, 7LD, EV 90.6 MPH), Distance : 341 ft
|
|
Batting: RHB Jaden Scott
|
0-0: Ball 1-0: Called Strike 1-1: Foul Ball, location: 2F 1-2: Strikes out looking
|
| Top of the 4th over - 2 runs, 2 hits, 0 errors, 0 left on base; Fort Wayne 5 - Augusta 3 |
| BOTTOM OF THE 4TH |
|
Augusta GreenJackets batting - Pitching for Fort Wayne TinCaps : RHP Mike Kirk
|
|
Batting: RHB Matt Fenimore
|
0-0: Ball 1-0: Ball 2-0: Fly out, F9 (Flyball, 89S, EV 74.4 MPH)
|
|
Batting: LHB Gabe Velez
|
0-0: Foul Ball, location: 2F 0-1: Swinging Strike 0-2: Ball 1-2: Ball 2-2: Ball 3-2: Strikes out swinging, 2-3 out at first.
|
|
Batting: LHB James Wheaton
|
0-0: Called Strike 0-1: Foul Ball, location: 2F 0-2: Strikes out looking
|
| Bottom of the 4th over - 0 runs, 0 hits, 0 errors, 0 left on base; Fort Wayne 5 - Augusta 3 |
| TOP OF THE 5TH |
|
Fort Wayne TinCaps batting - Pitching for Augusta GreenJackets : RHP Jim Sprayberry
|
|
Batting: RHB Davey Verhoog
|
0-0: TRIPLE (Line Drive, 78XD, EV 104.4 MPH)
|
|
Batting: RHB Joe Weissman
|
0-0: Foul Ball, location: 2F 0-1: Foul Ball, location: 2F 0-2: Strikes out swinging
|
|
Batting: LHB Ramon Vega
|
0-0: Called Strike 0-1: Swinging Strike 0-2: Ball 1-2: Strikes out swinging
|
|
Batting: LHB Jeremy DiGenova
|
0-0: Ball 1-0: Foul Ball, location: 2F 1-1: Foul Ball, location: 2F 1-2: Fly out, F8 (Line Drive, 8LD, EV 91.2 MPH)
|
| Top of the 5th over - 0 runs, 1 hit, 0 errors, 1 left on base; Fort Wayne 5 - Augusta 3 |
| BOTTOM OF THE 5TH |
|
Augusta GreenJackets batting - Pitching for Fort Wayne TinCaps : RHP Mike Kirk
|
|
Batting: RHB Josh Lippens
|
0-0: Ball 1-0: Called Strike 1-1: Called Strike 1-2: Ball 2-2: Strikes out swinging
|
|
Batting: RHB Devin Lowery
|
0-0: Ball 1-0: SINGLE (Groundball, 34D, EV 96.2 MPH)
|
|
Batting: LHB Josh Straub
|
0-0: Ball 1-0: Called Strike 1-1: Grounds into double play, 5-4-3 (Groundball, 5, EV 81.9 MPH)
|
| Bottom of the 5th over - 0 runs, 1 hit, 0 errors, 0 left on base; Fort Wayne 5 - Augusta 3 |
| TOP OF THE 6TH |
|
Fort Wayne TinCaps batting - Pitching for Augusta GreenJackets : RHP Jim Sprayberry
|
|
Batting: RHB Alex Vasquez
|
0-0: Ball 1-0: Called Strike 1-1: Foul Ball, location: 2F 1-2: Foul Ball, location: 2F 1-2: Ground out 6-3 (Groundball, 6, EV 81.2 MPH)
|
|
Pitching: RHP Nick McDade
|
|
|
Batting: RHB David Reyna
|
0-0: Ball 1-0: Called Strike 1-1: Ball 2-1: Single, Error in OF, E8, batter to second base (Groundball, 4MD, EV 96.2 MPH)
|
|
Batting: SHB Yutaro Takahashi
|
0-0: Ground out 4-3 (Groundball, 4, EV 88.8 MPH) David Reyna to third
|
|
Batting: RHB Danny Loyola
|
0-0: Called Strike 0-1: Swinging Strike 0-2: Strikes out swinging
|
| Top of the 6th over - 0 runs, 1 hit, 1 error, 1 left on base; Fort Wayne 5 - Augusta 3 |
| BOTTOM OF THE 6TH |
|
Augusta GreenJackets batting - Pitching for Fort Wayne TinCaps : RHP Mike Kirk
|
|
Batting: LHB Gil Caraveo
|
0-0: Foul Ball, location: 2F 0-1: Called Strike 0-2: Ball 1-2: Foul Ball, location: 2F 1-2: Foul Ball, location: 2F 1-2: Fly out, F9 (Line Drive, 9, EV 89.4 MPH)
|
|
Batting: RHB Dave Crouch
|
0-0: Foul Ball, location: 2F 0-1: Ball 1-1: Ground out 6-3 (Groundball, 6, EV 78.8 MPH)
|
|
Batting: LHB Al Hernandez
|
0-0: Ground out 4-3 (Groundball, 34, EV 83.8 MPH)
|
| Bottom of the 6th over - 0 runs, 0 hits, 0 errors, 0 left on base; Fort Wayne 5 - Augusta 3 |
| TOP OF THE 7TH |
|
Fort Wayne TinCaps batting - Pitching for Augusta GreenJackets : RHP Nick McDade
|
|
Batting: RHB Jaden Scott
|
0-0: Called Strike 0-1: Foul Ball, location: 2F 0-2: Ball 1-2: Ball 2-2: Strikes out swinging
|
|
Batting: RHB Davey Verhoog
|
0-0: Ground out 6-3 (Groundball, 6, EV 86.2 MPH)
|
|
Batting: RHB Joe Weissman
|
0-0: Called Strike 0-1: Ball 1-1: SINGLE (Line Drive, 9LS, EV 107.5 MPH)
|
|
Batting: LHB Ramon Vega
|
0-0: Called Strike 0-1: Ball 1-1: Swinging Strike 1-2: Foul Ball, location: 2F 1-2: Ball 2-2: Strikes out swinging
|
| Top of the 7th over - 0 runs, 1 hit, 0 errors, 1 left on base; Fort Wayne 5 - Augusta 3 |
| BOTTOM OF THE 7TH |
|
Augusta GreenJackets batting - Pitching for Fort Wayne TinCaps : RHP Mike Kirk
|
|
Pitching: LHP Brennan Duncan
|
|
|
Batting: RHB Matt Fenimore
|
0-0: Ball 1-0: Foul Ball, location: 2F 1-1: Ground out 1-3 (Groundball, 13S, EV 66.9 MPH)
|
|
Batting: LHB Gabe Velez
|
0-0: Ground out 4-3 (Groundball, 4, EV 103.8 MPH)
|
|
Batting: LHB James Wheaton
|
0-0: Ball 1-0: Called Strike 1-1: Swinging Strike 1-2: Strikes out swinging
|
| Bottom of the 7th over - 0 runs, 0 hits, 0 errors, 0 left on base; Fort Wayne 5 - Augusta 3 |
| TOP OF THE 8TH |
|
Fort Wayne TinCaps batting - Pitching for Augusta GreenJackets : RHP Nick McDade
|
|
Pitching: RHP Damian Molina
|
|
|
Batting: LHB Jeremy DiGenova
|
0-0: Called Strike 0-1: Ball 1-1: Foul Ball, location: 2F 1-2: Foul Ball, location: 2F 1-2: Ground out 4-3 (Groundball, 4M, EV 86.2 MPH)
|
|
Batting: RHB Alex Vasquez
|
0-0: Called Strike 0-1: Foul Ball, location: 2F 0-2: Ball 1-2: Ball 2-2: Ground out 6-3 (Groundball, 56, EV 90.6 MPH)
|
|
Batting: RHB David Reyna
|
0-0: Ball 1-0: Ball 2-0: Called Strike 2-1: Reached on error, E5 (Groundball, 56S, EV 70.6 MPH)
|
|
Batting: SHB Yutaro Takahashi
|
0-0: Ball 1-0: Ball 2-0: Called Strike 2-1: Swinging Strike 2-2: Strikes out swinging
|
| Top of the 8th over - 0 runs, 0 hits, 1 error, 1 left on base; Fort Wayne 5 - Augusta 3 |
| BOTTOM OF THE 8TH |
|
Augusta GreenJackets batting - Pitching for Fort Wayne TinCaps : LHP Brennan Duncan
|
|
Batting: RHB Josh Lippens
|
0-0: Called Strike 0-1: Ground out U3 (Groundball, 34, EV 91.2 MPH)
|
|
Batting: RHB Devin Lowery
|
0-0: Ball 1-0: Swinging Strike 1-1: Called Strike 1-2: Ball 2-2: Foul Ball, location: 2F 2-2: SINGLE (Groundball, 6MD, EV 96.2 MPH)
|
|
Batting: LHB Josh Straub
|
0-0: Hit by Pitch Devin Lowery to second
|
|
Pinch Hitting: RHB Jonathan Reece
|
0-0: Foul Ball, location: 2F 0-1: Swinging Strike 0-2: Ball 1-2: Strikes out swinging
|
|
Batting: RHB Dave Crouch
|
0-0: Fly out, F8 (Line Drive, 8RM, EV 94.4 MPH)
|
| Bottom of the 8th over - 0 runs, 1 hit, 0 errors, 2 left on base; Fort Wayne 5 - Augusta 3 |
| TOP OF THE 9TH |
|
Fort Wayne TinCaps batting - Pitching for Augusta GreenJackets : RHP Damian Molina
|
|
Now in LF: Jonathan Reece
|
|
|
Now in CF: Josh Straub
|
|
|
Batting: RHB Danny Loyola
|
0-0: Ball 1-0: Ball 2-0: Ball 3-0: Base on Balls
|
|
Batting: RHB Jaden Scott
|
0-0: Foul Ball, location: 2F 0-1: Ball 1-1: Ball 2-1: Ball 3-1: Foul Ball, location: 2F 3-2: Base on Balls Danny Loyola to second
|
|
Batting: RHB Davey Verhoog
|
0-0: Foul Ball, location: 2F 0-1: Ball 1-1: Fly out, F9 (Line Drive, 9, EV 111.2 MPH)
|
|
Batting: RHB Joe Weissman
|
0-0: Called Strike 0-1: Ball 1-1: Ball 2-1: Foul Ball, location: 2F 2-2: Ball 3-2: Strikes out swinging
|
|
Pitching: LHP Gil Longoria
|
|
|
Batting: LHB Ramon Vega
|
0-0: Foul Ball, location: 2F 0-1: Ball 1-1: Swinging Strike 1-2: Foul Ball, location: 2F 1-2: Ground out 4-3 (Groundball, 4, EV 101.2 MPH)
|
| Top of the 9th over - 0 runs, 0 hits, 0 errors, 2 left on base; Fort Wayne 5 - Augusta 3 |
| BOTTOM OF THE 9TH |
|
Augusta GreenJackets batting - Pitching for Fort Wayne TinCaps : LHP Brennan Duncan
|
|
Pitching: LHP Dan Clausing
|
|
|
Batting: LHB Al Hernandez
|
0-0: Swinging Strike 0-1: Foul Ball, location: 2F 0-2: Ball 1-2: Strikes out swinging
|
|
Batting: RHB Matt Fenimore
|
0-0: Ground out 6-3 (Groundball, 6, EV 85.0 MPH)
|
|
Pinch Hitting: RHB Nick Wicker
|
0-0: Ball 1-0: Swinging Strike 1-1: Fly out, F9 (Line Drive, 89M, EV 106.2 MPH)
|
| Bottom of the 9th over - 0 runs, 0 hits, 0 errors, 0 left on base; Fort Wayne 5 - Augusta 3 |
|